 Dungeon Crawl Stone Soup version 0.30-a0-4-ga7cffc901d (webtiles) character file.

Game seed: 31397317892479523

280 Setbun the Slicer (level 6, -2/35 HPs)
             Began as a Kobold Brigand on Aug 21, 2022.
             Slain by a worm (6 damage)
             ... on level 3 of the Dungeon.
             The game lasted 00:02:30 (2569 turns).

Setbun the Slicer (Kobold Brigand)                  Turns: 2569, Time: 00:02:31

Health: -2/35      AC:  5    Str:  8    XL:     6   Next: 52%
Magic:  6/6        EV: 14    Int: 13    God:
Gold:   146        SH:  0    Dex: 18    Spells: 5/5 levels left

rFire   . . .      SeeInvis .    a - +2 dagger
rCold   . . .      Faith    .    (no shield)
rNeg    . . .      Spirit   .    n - +2 robe {Will+}
rPois   .          Reflect  .    (no helmet)
rElec   .          Harm     .    c - +0 cloak
rCorr   .          Rampage  .    (no gloves)
Will    +....                    (no boots)
Stlth   ++++......               (no amulet)
HPRegen 0.11/turn                (no ring)
MPRegen 0.10/turn                (no ring)

@: no status effects
A: small, no large weapons, nightstalker 3
a: no special abilities


You were on level 3 of the Dungeon.
You visited 1 branch of the dungeon, and saw 3 of its levels.

You collected 146 gold pieces.

Inventory:

Hand Weapons
 a - a +2 dagger (weapon)
Missiles
 d - 16 poisoned darts (quivered)
 e - 3 curare-tipped darts
Armour
 b - a +0 robe
 c - a +0 cloak (worn)
 n - a +2 robe of willpower (worn)
Jewellery
 j - a +6 ring of dexterity
Scrolls
 m - a scroll of poison {unknown}
 p - 2 scrolls of enchant armour {unknown}
 r - a scroll of identify {unknown}
Potions
 f - 4 potions of heal wounds {unknown}
 g - a potion of mutation {unknown}
 h - 2 potions of cancellation {unknown}
 i - a potion of attraction {unknown}
 k - 2 potions of ambrosia {unknown}
 l - 2 potions of might {unknown}
 o - a potion of lignification {unknown}
 q - a potion of berserk rage {unknown}


   Skills:
 - Level 2.1 Fighting
 * Level 8.5 Short Blades
 - Level 2.1 Throwing
 - Level 1.2 Dodging
 - Level 5.3 Stealth


You had 5 spell levels left.
You didn't know any spells.
Your spell library contained the following spells:

 Spells                   Type           Power      Damage    Failure   Level
 Ensorcelled Hibernation  Hex/Ice        0%         N/A       43%         2
 Spider Form              Tmut/Pois      0%         N/A       67%         3
 Anguish                  Hex/Necr       0%         N/A       97%         4


Dungeon Overview and Level Annotations

Branches:
Dungeon (3/15)

Altars:

Shops:
D:3 :


Innate Abilities, Weirdness & Mutations

You are small and have problems with some larger weapons.
You are completely attuned to the shadows.


Message History

The worm splashes around in the water.
The worm misses you.
The worm splashes around in the water.
The worm splashes around in the water.
The worm splashes around in the water.
The worm barely misses you.
The worm splashes around in the water.
The worm splashes around in the water.
The worm splashes around in the water.
The worm bites you. The worm misses you. The worm completely misses you.
The worm bites you. The worm completely misses you. The worm barely misses you.
The worm misses you.
The worm splashes around in the water.
The worm barely misses you. The worm bites you. The worm bites you.
The worm closely misses you.
The worm splashes around in the water.
The worm closely misses you.
The worm splashes around in the water.
The worm completely misses you.
The worm splashes around in the water.
The worm bites you.
The worm splashes around in the water.
The worm splashes around in the water.
The worm closely misses you. The worm bites you.
The worm splashes around in the water.
The worm bites you.
* * * LOW HITPOINT WARNING * * *
The worm splashes around in the water.
The worm splashes around in the water.
The worm bites you.
* * * LOW HITPOINT WARNING * * *
The worm bites you.
You die...

##### ###
#.~.#####~~###
#..~~~~~~~...#
#.~w~~~~~....#
#~~@####....####
#~~##..........###
#~~#.......###...##
#~~#....#### ###..#
###~~#.#.## ##.##
##~~...#.# #...
##~....#.# ###.
###......# #.
#..##### #.


You could see a worm.

Vanquished Creatures
  Sigmund (D:3)
  6 adders
  3 dart slugs
  4 endoplasms
  2 giant cockroaches
  3 goblins
  9 hobgoblins
  5 jackals (D:3)
  A quokka (D:2)
  2 ball pythons (D:2)
  6 bats
  4 frilled lizards
  7 kobolds
  6 rats
59 creatures vanquished.

Notes
Turn   | Place    | Note
-------+----------+-------------------------------------------
     0 | D:1      | Setbun the Kobold Brigand began the quest for the Orb.
     0 | D:1      | Reached XP level 1. HP: 12/12 MP: 1/1
   189 | D:1      | Reached skill level 3 in Short Blades
   302 | D:1      | Reached XP level 2. HP: 14/17 MP: 2/2
   488 | D:1      | Reached skill level 4 in Short Blades
   708 | D:1      | Found a faded altar of an unknown god.
   918 | D:2      | Reached XP level 3. HP: 19/21 MP: 3/3
  1077 | D:2      | Reached skill level 5 in Short Blades
  1266 | D:2      | Reached XP level 4. HP: 26/26 MP: 4/4
  1455 | D:2      | Reached skill level 6 in Short Blades
  1728 | D:3      | Found Kumenteuch's Vocational Training.
  1870 | D:3      | Reached XP level 5. HP: 30/30 MP: 5/5
  1870 | D:3      | Noticed Sigmund
  1874 | D:3      | Killed Sigmund
  1875 | D:3      | Reached skill level 8 in Short Blades
  1875 | D:3      | Reached XP level 6. HP: 35/35 MP: 6/6
  2569 | D:3      | Slain by a worm

Illustrated notes

Levels and vault maps discovered:
D:1:      sevenhm_arrival_forest_fort_large_4, layout_rooms,
          shapermc_ecumenical_altar_pompeii
D:2:      layout_basic
D:3:      layout_loops_ring, cheibrodos_sewer_entry_bend,
          nicolae_shop_vocational, uniq_sigmund

Skill      XL: |  1  2  3  4  5 |
---------------+----------------+-----
Short Blades   | 3 4 5 6 8 |  8.5
Fighting       | |  2.1
Throwing       | |  2.1
Dodging        | |  1.2
Stealth        | |  5.3

Action                   |  1- 3 |  4- 6 || total
-------------------------+-------+-------++-------
Melee: Dagger            |    76 |    62 ||   138
       Punch             |     1 |       ||     1
  Use: Scroll            |       |     1 ||     1
 Stab: Sleeping          |    11 |    22 ||    33
Armor: Robe              |    12 |     5 ||    17
Dodge: Dodged            |    45 |    37 ||    82

Table legend: (Time is in decaauts)
 A = Elapsed time spent in this place.
 B = Non-inter-level travel time spent in this place.
 C = Inter-level travel time spent in this place.
 D = Time resting spent in this place.
 E = Time spent auto-exploring this place.
 F = Levels seen in this place.
 G = Mean time per level.
                   A        B        C        D        E       F      G
               +--------+--------+--------+--------+--------+-----+--------+
         Total |   2533 |   2454 |     79 |    171 |   1885 |   3 |  844.3 |
       Dungeon |   2533 |   2454 |     79 |    171 |   1885 |   3 |  844.3 |
               +--------+--------+--------+--------+--------+-----+--------+

Top non-repeatable levels by time:
     D:1: 894 daAuts
     D:3: 829 daAuts
     D:2: 809 daAuts
